 Dungeon Crawl Stone Soup version 0.29.0-5-ge4962eb29e (webtiles) character file.

Game seed: 17634342197319614867

35 xian the Magician (level 3, 0/19 HPs)
             Began as a Deep Elf Hedge Wizard on Aug 28, 2022.
             Slain by Terence
             ... wielding a +0 morningstar of protection
              (9 damage)
             ... on level 2 of the Dungeon.
             The game lasted 00:03:32 (1988 turns).

xian the Magician (Deep Elf Hedge Wizard)           Turns: 1988, Time: 00:03:33

Health: 0/19       AC:  3    Str:  7    XL:     3   Next: 16%
Magic:  3/11       EV: 12    Int: 20    God:
Gold:   93         SH:  0    Dex: 14    Spells: 9/12 levels left

rFire   . . .      SeeInvis .   a - +1 dagger (drain)
rCold   . . .      Faith    .   (no shield)
rNeg    . . .      Spirit   .   h - +0 leather armour
rPois   .          Reflect  .   c - +0 hat
rElec   .          Harm     .   (no cloak)
rCorr   .          Rampage  .   (no gloves)
Will    .....                   (no boots)
Stlth   ++........              (no amulet)
HPRegen 0.06/turn               (no ring)
MPRegen 0.12/turn               (no ring)

@: no status effects
A: no striking features
a: no special abilities


You were on level 2 of the Dungeon.
You visited 1 branch of the dungeon, and saw 2 of its levels.

You collected 93 gold pieces.

Inventory:

Hand Weapons
 a - a +1 dagger of draining (weapon)
Missiles
 f - 2 atropa-tipped darts
Armour
 c - a +0 hat (worn)
 h - a +0 leather armour (worn)
Scrolls
 b - a scroll of immolation {unknown}
 e - a scroll of summoning {unknown}
 g - 2 scrolls of teleportation {unknown}
Potions
 d - a potion of magic
 i - a potion of might {unknown}
 j - a potion of lignification {unknown}
 k - a potion of attraction {unknown}


   Skills:
 + Level 2.7 Dodging
 + Level 2.9 Stealth
 + Level 5.4 Spellcasting
 + Level 1.5 Conjurations
 + Level 1.1 Summonings
 + Level 1.1 Translocations


You had 9 spell levels left.
You knew the following spells:

 Your Spells              Type           Power      Damage    Failure   Level
a - Magic Dart            Conj           44%        1d5       9%          1
b - Searing Ray           Conj           22%        2d5       14%         2

Your spell library contained the following spells:

 Spells                   Type           Power      Damage    Failure   Level
 Blink                    Tloc           18%        N/A       16%         2
 Call Imp                 Summ           9%         N/A       16%         2
 Slow                     Hex            20%        N/A       17%         1
 Conjure Flame            Conj/Fire      8%         6-21      36%         3
 Mephitic Cloud           Conj/Pois/Air  7%         N/A       38%         3
 Fulminant Prism          Conj/Hex       4%         3d6       77%         4


Dungeon Overview and Level Annotations

Branches:
Dungeon (2/15)

Altars:

Shops:
D:2 ::

Annotations:
D:2 Terence


Message History

The magic dart hits Terence but does no damage.
Casting: Magic Dart (safe; 9% risk of failure)
Confirm with . or Enter, or press ? or * to list all spells.
Aiming: Searing Ray (safe; 14% risk of failure)
Press: ? - help, Shift-Dir - straight line, f/p - Terence
Aim: Terence, wielding a +0 morningstar of protection and wearing a +0 scale mail (79% to hit)
The searing ray hits Terence but does no damage. (Press . to maintain the ray.) Unknown command.
The searing ray hits Terence but does no damage.
The searing ray hits Terence.
Terence is moderately wounded.
The searing ray hits Terence.
Terence is moderately wounded.
You finish channelling your searing ray.
Terence closely misses you. Terence barely misses you.
Casting: Searing Ray (safe; 14% risk of failure)
Confirm with . or Enter, or press ? or * to list all spells.
Aiming: Searing Ray (safe; 14% risk of failure)
Press: ? - help, Shift-Dir - straight line, f/p - Terence
Aim: Terence, wielding a +0 morningstar of protection and wearing a +0 scale mail (moderately wounded, 79% to hit)
You miscast Searing Ray.
You are very lightly contaminated with residual magic.
Nothing appears to happen.
Terence barely misses you. Terence attacks as you move away!
Terence barely misses you.
You closely miss Terence.
Terence is moderately wounded.
Terence closely misses you.
You barely miss Terence.
Terence is moderately wounded.
Terence hits you with a +0 morningstar of protection!
Ouch! That really hurt!
You hit Terence.
Terence is moderately wounded.
Terence barely misses you.
Your magical contamination has completely faded away.
Terence attacks as you move away!
Terence hits you with a +0 morningstar of protection!
You die...

#######.#...###.#
##.......... #8..### #.#
###....#### #..## #.#
#....# # #### #.#
#....####
##+#########.####.#.
#............# #.#.#
#............# ##.#.
##............###.#.#
#...@.....)......####
#...@............# #
####................####
........................
.......(##########..####
........# ##.##
........# #..###
......... #####....
......... #........


You could see Terence.

Vanquished Creatures
  A dart slug (D:1)
  6 endoplasms (D:1)
  A giant cockroach (D:1)
  4 goblins (D:1)
  2 hobgoblins (D:1)
  3 kobolds (D:2)
  A quokka (D:1)
  5 ball pythons
  2 bats (D:1)
  2 frilled lizards (D:1)
  4 rats
31 creatures vanquished.

Vanquished Creatures (others)
  3 plants (D:2)
3 creatures vanquished.

Grand Total: 34 creatures vanquished

Notes
Turn   | Place    | Note
-------+----------+-------------------------------------------
     0 | D:1      | xian the Deep Elf Hedge Wizard began the quest for the Orb.
     0 | D:1      | Reached XP level 1. HP: 10/10 MP: 7/7
   399 | D:1      | Reached XP level 2. HP: 15/15 MP: 7/9
   423 | D:1      | Reached skill level 5 in Spellcasting
  1443 | D:1      | Reached XP level 3. HP: 19/19 MP: 6/11
  1505 | D:1      | Learned a level 2 spell: Searing Ray
  1517 | D:2      | Found Jehy Zoe's Book Emporium.
  1592 | D:2      | Found Xidghuk's Vocational Training.
  1973 | D:2      | Noticed Terence
  1988 | D:2      | Slain by Terence

Illustrated notes

Levels and vault maps discovered:
D:1:      moated_graveyard_arrival, layout_basic
D:2:      layout_basic, serial_shops, nicolae_shop_statue_plus,
          basic_ecumenical_altar, minivault_24, chequers_jeans,
          serial_bayou_pond_c, nicolae_shop_vocational, uniq_terence

Skill      XL: |  1  2 |
---------------+-------+-----
Spellcasting   | 5 |  5.4
Dodging        | |  2.7
Stealth        | |  2.9
Conjurations   | |  1.5
Summonings     | |  1.1
Translocations | |  1.1

Action                   || total
-------------------------++-------
Melee: Dagger            ||     4
 Cast: Magic Dart        ||    82
       Searing Ray       ||     1
Armor: Robe              ||     6
Dodge: Dodged            ||    24
